 Dungeon Crawl Stone Soup version 0.28.0 (webtiles) character file.

Game seed: 2736226665341568070

6424 pkoi the Zephyrmancer (level 10, 0/69 HPs)
             Began as a Red Draconian Air Elementalist on Feb 16, 2022.
             Was a Believer of Sif Muna.
             Slain by a yak (12 damage)
             ... on level 9 of the Dungeon.
             The game lasted 00:22:16 (13981 turns).

pkoi the Zephyrmancer (DrAE)                       Turns: 13981, Time: 00:22:16

Health: 0/69       AC:  8    Str: 11    XL:     10   Next: 67%
Magic:  10/19      EV: 11    Int: 19    God:    Sif Muna [**....]
Gold:   400        SH:  5    Dex:  7    Spells: 1/21 levels left

rFire   + + +      SeeInvis +   x - +1 whip (venom)
rCold   + . .      Faith    .   (no shield)
rNeg    . . .      Spirit   .   (armour unavailable)
rPois   .          Reflect  +   (helmet restricted)
rElec   +          Harm     .   s - scarf {rC+ rF+}
rCorr   .          Rampage  .   (no gloves)
Will    .....                   o - +0 pair of boots
Stlth   +.........              A - amulet of reflection
HPRegen 0.21/turn               y - ring of protection from cold
MPRegen 0.16/turn               d - ring of Res Nullius {Fire rElec Dex-5 SInv}

@: no status effects
A: breathe fire, AC +7, unfitting armour, fire resistance 1, cold-blooded
a: Breathe Fire, Renounce Religion, Channel Magic


You were on level 9 of the Dungeon.
You worshipped Sif Muna.
Sif Muna was pleased with you.
You visited 2 branches of the dungeon, and saw 11 of its levels.

You collected 400 gold pieces.

Inventory:

Hand Weapons
 a - a +0 dagger
 f - a +0 quarterstaff of venom
 x - a +1 whip of venom (weapon)
Armour
 o - a +0 pair of boots (worn)
 s - a scarf of resistance (worn)
Magical Staves
 v - a staff of cold
Jewellery
 b - an amulet of regeneration
 d - the ring of Res Nullius (right hand) {Fire rElec Dex-5 SInv}
   (You found it on level 8 of the Dungeon)

   [ring of fire]

   It enhances your fire magic.
   Dex:       It affects your dexterity (-5).
   rF:        It protects you from fire.
   rC:        It makes you vulnerable to cold.
   rElec:     It insulates you from electricity.
   SInv:      It lets you see invisible.
 u - a ring of see invisible
 y - a ring of protection from cold (left hand)
 A - an amulet of reflection (around neck)
 B - a ring of flight
Wands
 j - a wand of flame (31)
 p - a wand of iceblast (5)
 D - a wand of acid (5)
Scrolls
 c - a scroll of fog
 e - 3 scrolls of vulnerability
 g - 2 scrolls of amnesia
 h - 4 scrolls of teleportation
 k - a scroll of identify
Potions
 i - a potion of heal wounds
 l - a potion of mutation
 m - a potion of brilliance
 n - a potion of berserk rage
 q - a potion of might
 r - a potion of haste
 t - 3 potions of invisibility
 w - 3 potions of curing
 z - 2 potions of lignification


   Skills:
 - Level 1.7 Dodging
 - Level 1.7 Stealth
 + Level 2.8 Unarmed Combat
 - Level 6.0 Spellcasting
 + Level 1.3 Conjurations
 - Level 3.0 Translocations
 + Level 7.0 Transmutations
 + Level 10.6 Air Magic
 + Level 7.8 Invocations


You had one spell level left.
You knew the following spells:

 Your Spells              Type           Power      Damage    Failure   Level
a - Shock                 Conj/Air       100%       1d9       1%          1
b - Swiftness             Air            46%        N/A       1%          3
c - Airstrike             Air            23%        N/A       1%          4
d - Beastly Appendage     Tmut           64%        N/A       1%          1
e - Blink                 Tloc           34%        N/A       4%          2
f - Storm Form            Tmut/Air       19%        N/A       94%         7
g - Static Discharge      Conj/Air       28%        N/A       1%          2

Your spell library contained the following spells:

 Spells                   Type           Power      Damage    Failure   Level
 Sandblast                Erth           10%        2d5       11%         1
 Wereblood                Tmut           32%        N/A       1%          2
 Passwall                 Tmut/Erth      15%        N/A       4%          2
 Spider Form              Tmut/Pois      19%        N/A       8%          3
 Stone Arrow              Conj/Erth      16%        3d8       26%         3
 Inner Flame              Hex/Fire       8%         N/A       32%         3
 Passage of Golubria      Tloc           17%        N/A       32%         4
 Silence                  Hex/Air        13%        N/A       34%         5
 Manifold Assault         Tloc           17%        N/A       65%         5
 Cause Fear               Hex            2%         N/A       73%         4
 Discord                  Hex            2%         N/A       100%        8
 Lehudib's Crystal Spear  Conj/Erth      4%         10d3      100%        8


Dungeon Overview and Level Annotations

Branches:
Dungeon (10/15)            Temple (1/1) D:5
   Lair: D:8-11         Orc: D:9-12

Altars:
Ashenzari
Cheibriados
Dithmenos
Elyvilon
Fedhas
Gozag
Hepliaklqana
Kikubaaqudgha
Makhleb
Nemelex Xobeh
Okawaru
Qazlal
Ru
Sif Muna
Trog
Uskayaw
Vehumet
Wu Jian
Xom
Yredelemnul
Zin
The Shining One

Shops:
D:3 *   D:4 :   D:5 =

Annotations:
D:6 Maggie
D:8 1 runed translucent door, hikkokomori's ghost, novice GrFE
D:9 3 runed translucent doors, sirJeffrey23's ghost, novice HOMo


Innate Abilities, Weirdness & Mutations

You can breathe blasts of fire.
Your fiery red scales are hard. (AC +7)
You cannot fit into any form of body armour.
Your flesh is heat resistant. (rF+)
You are cold-blooded and may be slowed by cold attacks.


Message History

The yak is struck by an arc of lightning!
The yak is moderately wounded.
The yak is struck by an arc of lightning.
The yak is moderately wounded.
You resist.
You are struck by an arc of lightning.
The yak is struck by an arc of lightning!
The yak is heavily wounded.
The yak is struck by an arc of lightning.
The yak is moderately wounded.
The lightning grounds out.
The yak gores you but does no damage. The yak closely misses you.
Casting: Static Discharge (safe; 1% risk of failure)
Confirm with . or Enter, or press ? or * to list all spells.
The yak is struck by an arc of lightning.
The yak is heavily wounded.
You resist.
You are struck by an arc of lightning.
The yak is struck by an arc of lightning.
The yak is heavily wounded.
The lightning grounds out.
The yak is struck by an arc of lightning.
The yak is severely wounded.
The lightning grounds out.
The yak gores you!
* * * LOW HITPOINT WARNING * * *
The yak gores you!
* * * LOW HITPOINT WARNING * * *
Casting: Static Discharge (safe; 1% risk of failure)
Confirm with . or Enter, or press ? or * to list all spells.
The yak is struck by an arc of lightning!
The yak is severely wounded.
The yak is struck by an arc of lightning!
The yak is severely wounded.
The lightning grounds out.
The yak is struck by an arc of lightning.
The yak is almost dead.
You resist.
You are struck by an arc of lightning.
You block the yak's attack. The yak barely misses you.
Unknown command.
Unknown command.
The yak gores you!
You die...

..# #..# #... .)# #..#########...
..# #.............. ).#
#.............. ..#
#..#####..####. ..# #..# #..# #.
..# #..# #..# #.
..#################..# #..# #.
[..............Y@....#####..####.
...............Y.................
#.)..######..######...[..........
##.).# #..# #..####..####..
K#...# #..# #..# #..# #..
K+...######..######..####..####..
K+...............................
W+...............................
K#.##############################


You could see 2 yaks.

Vanquished Creatures
  A two-headed ogre (D:9)
  Pikel (D:7)
  A cyclops (D:9)
  A manticore (D:7)
  A troll (D:7)
  2 shadows
  2 yaks
  A water moccasin (D:8)
  3 sky beasts
  2 orc warriors (D:9)
  A hornet zombie (D:6)
  2 black bears
  3 ogres
  4 centaurs
  A necrophage (D:4)
  A phantom (D:6)
  5 bullfrogs
  A gnoll sergeant (D:9)
  2 wyvern skeletons (D:7)
  7 scorpions
  4 wights (D:8)
  6 howler monkeys
  A centaur zombie (D:8)
  2 centaur skeletons (D:6)
  2 hounds (D:6)
  An orc priest (D:7)
  2 bullfrog skeletons
  5 iguanas
  3 jellies
  Natasha (thrice) (D:3)
  4 orc wizards
  2 killer bee zombies (D:7)
  2 howler monkey zombies
  9 gnolls
  7 adders
  3 ufetubi
  2 worms (D:2)
  2 dart slugs
  20 orcs
  13 bats
  An endoplasm (D:4)
  3 giant cockroaches
  7 goblins
  9 hobgoblins
  5 quokkas
  7 ball pythons
  2 frilled lizards
  4 kobolds
  3 rats
176 creatures vanquished.

Vanquished Creatures (others)
  13 fungi (D:8)
  A plant (D:3)
14 creatures vanquished.

Grand Total: 190 creatures vanquished

Notes
Turn   | Place    | Note
-------+----------+-------------------------------------------
     0 | D:1      | pkoi the Draconian Air Elementalist began the quest for the
                  | Orb.
     0 | D:1      | Reached XP level 1. HP: 14/14 MP: 3/3
   115 | D:1      | Reached XP level 2. HP: 20/20 MP: 1/5
   751 | D:1      | Reached skill level 4 in Air Magic
  1257 | D:2      | Reached XP level 3. HP: 26/26 MP: 3/6
  2116 | D:2      | Reached XP level 4. HP: 33/33 MP: 7/7
  2338 | D:3      | Found Zyvy's Assorted Antiques.
  2370 | D:3      | Noticed Natasha
  2377 | D:3      | Killed Natasha
  2378 | D:3      | Reached skill level 5 in Air Magic
  2556 | D:3      | Noticed Natasha
  2565 | D:3      | Killed Natasha
  2947 | D:3      | Noticed Natasha
  2952 | D:3      | Killed Natasha
  2953 | D:3      | Reached XP level 5. HP: 38/38 MP: 4/8
  3102 | D:4      | Reached skill level 6 in Air Magic
  3197 | D:4      | Noticed a necrophage
  4062 | D:4      | Reached XP level 6. HP: 34/45 MP: 3/9
  4139 | D:4      | Found Diatusoi's Self-Improvement Boutique.
  4186 | D:4      | Reached skill level 7 in Air Magic
  4825 | D:4      | Learned a level 3 spell: Swiftness
  4830 | D:4      | Learned a level 4 spell: Airstrike
  4848 | D:5      | Entered Level 5 of the Dungeon
  4914 | D:5      | Found a staircase to the Ecumenical Temple.
  4933 | Temple   | Entered the Ecumenical Temple
  5108 | Temple   | Became a worshipper of Sif Muna the Loreminder
  5141 | D:5      | Learned a level 1 spell: Beastly Appendage
  5373 | D:5      | Your scales start taking on a fiery red colour.
  5373 | D:5      | Reached XP level 7. HP: 50/50 MP: 2/10
  5373 | D:5      | Gained mutation: Your flesh is heat resistant. (rF+) [Red
                  | Draconian growth]
  5415 | D:5      | Reached skill level 1 in Transmutations
  5415 | D:5      | Reached skill level 8 in Air Magic
  5415 | D:5      | Reached skill level 1 in Invocations
  5497 | D:5      | Found Xolebbe's Jewellery Shop.
  6233 | D:6      | Found an ornate altar of the Wu Jian Council.
  6464 | D:6      | Reached XP level 8. HP: 44/57 MP: 9/12
  6780 | D:6      | Learned a level 2 spell: Blink
  6868 | D:6      | Noticed Maggie
  7251 | D:6      | Reached skill level 1 in Translocations
  7490 | D:7      | Noticed Pikel
  7759 | D:7      | Noticed a manticore
  7763 | D:7      | Killed a manticore
  7764 | D:7      | Reached skill level 9 in Air Magic
  7840 | D:7      | Noticed a troll
  7847 | D:7      | Killed a troll
  7848 | D:7      | Reached XP level 9. HP: 35/62 MP: 10/15
  8242 | D:7      | Reached * piety under Sif Muna
  8250 | D:7      | Reached skill level 5 in Invocations
  8873 | D:7      | Reached skill level 5 in Transmutations
  9040 | D:7      | Killed Pikel
  9041 | D:7      | Reached skill level 5 in Spellcasting
  9517 | D:8      | Identified the ring of Res Nullius {Fire rElec Dex-5 SInv}
  9913 | D:8      | Reached skill level 10 in Air Magic
  9913 | D:8      | Reached XP level 10. HP: 69/69 MP: 9/18
 11152 | D:8      | Found a runed translucent door.
 11152 | D:8      | Found a shimmering altar of Xom.
 11152 | D:8      | Noticed a +2 whip of chaos
 11152 | D:8      | Noticed hikkokomori's ghost (novice GrFE)
 11181 | D:8      | Learned a level 7 spell: Storm Form
 12033 | D:9      | Noticed a two-headed ogre
 12037 | D:9      | Killed a two-headed ogre
 12038 | D:9      | Reached skill level 1 in Unarmed Combat
 12256 | D:9      | Noticed a cyclops
 13062 | D:9      | Found a runed translucent gate.
 13062 | D:9      | Found a runed translucent gate.
 13062 | D:9      | Found a runed translucent gate.
 13063 | D:9      | Noticed sirJeffrey23's ghost (novice HOMo)
 13260 | D:9      | Killed a cyclops
 13861 | D:10     | Entered Level 10 of the Dungeon
 13871 | D:9      | Learned a level 2 spell: Static Discharge
 13876 | D:10     | Reached ** piety under Sif Muna
 13981 | D:9      | Slain by a yak

Illustrated notes

Levels and vault maps discovered:
D:1:      sevenhm_arrival_forest_fort_small_5, layout_basic, minmay_tripent
D:2:      layout_basic
D:3:      minmay_wonky_spiral, layout_basic, serial_shops,
          nicolae_shop_overgrown_old_shop, st_stairs_12, uniq_natasha
D:4:      layout_loops_ring, nicolae_shop_self_help
D:5:      layout_cave_pools, minmay_temple_entry_wispy, serial_shops, shop
D:6:      layout_loops_ring, nzn_wu_jian_contemplation, uniq_maggie
D:7:      layout_basic, minmay_fractal_squares_5, uniq_pikel
D:8:      old_forge, layout_basic, ebering_ghost_xom
D:9:      layout_small_grid, gammafunk_ghost_nasty_kobolds,
          chequers_decorated_corner
D:10:     layout_big_octagon, hiddenorc2_lemuel, enter_bailey_5,
          minmay_rotating_lava
Temple:   minmay_crystal_snake_temple

Skill      XL: |  1  2  3  4  5  6  7  8  9 10 |
---------------+-------------------------------+-----
Air Magic      | 4 5 6 7 8 9 10 | 10.6
Transmutations | 2 4 5 7 |  7.0
Invocations    | 2 4 6 7 |  7.8
Spellcasting   | 4 5 6 |  6.0
Translocations | 2 3 |  3.0
Unarmed Combat | 2 |  2.8
Dodging        | |  1.7
Stealth        | |  1.7
Conjurations   | |  1.3

Action                   |  1- 3 |  4- 6 |  7- 9 | 10-12 || total
-------------------------+-------+-------+-------+-------++-------
Melee: Unarmed           |    15 |       |       |       ||    15
       Tailslap          |    10 |     4 |    17 |     6 ||    37
       Dagger            |    17 |       |       |       ||    17
       Quarterstaff      |    20 |    14 |       |       ||    34
       Staff             |       |     3 |       |       ||     3
       Whip              |       |    10 |   153 |    31 ||   194
       Kick              |       |       |    23 |       ||    23
       Headbutt          |       |       |     7 |       ||     7
       Punch             |       |       |     3 |     1 ||     4
 Cast: Shock             |    62 |    97 |   102 |     7 ||   268
       Beastly Appendage |       |       |     9 |     1 ||    10
       Airstrike         |       |       |     7 |    60 ||    67
       Static Discharge  |       |       |       |     9 ||     9
 Abil: Breathe Fire      |       |       |    12 |     2 ||    14
  Use: Scroll            |       |     8 |     6 |     2 ||    16
       Potion            |       |       |     6 |       ||     6
 Stab: Sleeping          |       |     1 |     2 |       ||     3
Armor: Skin              |    10 |    17 |    73 |    24 ||   124
Dodge: Dodged            |    30 |    23 |   106 |    35 ||   194
Block: Other             |       |     1 |    46 |    19 ||    66
       Reflection        |       |       |       |     2 ||     2
